 Dungeon Crawl Stone Soup version 0.30-a0-743-gbfdf073431 (webtiles) character file.

Game seed: 8191789966904017051

217 Ajdolov the Sneak (level 5, -3/27 HPs)
             Began as a Vine Stalker Monk on Feb 5, 2023.
             Slain by an orc
             ... wielding a +0 mace
              (5 damage)
             ... on level 4 of the Dungeon.
             The game lasted 00:05:23 (2725 turns).

Ajdolov the Sneak (Vine Stalker Monk)               Turns: 2725, Time: 00:05:23

Health: -3/27      AC:  2    Str: 16    XL:     5   Next: 94%
Magic:  0/6        EV: 12    Int: 10    God:
Gold:   132        SH:  0    Dex: 16    Spells: 4/4 levels left

rFire   . . .      SeeInvis .    a - +0 short sword
rCold   . . .      Faith    .    (no shield)
rNeg    . . .      Spirit   +    b - +0 robe
rPois   .          Reflect  .    (no helmet)
rElec   .          Harm     .    (no cloak)
rCorr   .          Rampage  .    (no gloves)
Will    .....                    (no boots)
Stlth   +++                      (no amulet)
HPRegen 1.04/turn                (no ring)
MPRegen 0.10/turn                (no ring)

@: no status effects
A: fangs 2, regeneration 1, magic shield, antimagic bite, no potion heal 2
a: no special abilities


You were on level 4 of the Dungeon.
You visited 1 branch of the dungeon, and saw 4 of its levels.

You collected 132 gold pieces.

Inventory:

Hand Weapons
 a - a +0 short sword (weapon)
Missiles
 r - 2 javelins
 s - 3 poisoned darts (quivered)
Armour
 b - a +0 robe (worn)
Scrolls
 e - a scroll of noise {unknown}
 h - 2 scrolls of magic mapping {unknown}
 j - 3 scrolls of blinking {unknown}
 k - a scroll of fear {unknown}
 l - 8 scrolls of identify {unknown}
 m - a scroll of brand weapon {unknown}
 o - a scroll of enchant armour {unknown}
 t - a scroll of amnesia {unknown}
 v - 2 scrolls of teleportation {unknown}
Potions
 c - a potion of ambrosia
 d - 3 potions of haste {unknown}
 f - 2 potions of curing {unknown}
 g - a potion of invisibility {unknown}
 i - a potion of degeneration {unknown}
 n - a potion of heal wounds {unknown}
 p - a potion of magic {unknown}
 q - a potion of might {unknown}
 u - 2 potions of flight {unknown}
 w - a potion of attraction {unknown}


   Skills:
 - Level 2.6 Fighting
 - Level 3.0 Short Blades
 * Level 3.7 Polearms
 - Level 2.4 Dodging
 - Level 5.0 Stealth


You had 4 spell levels left.
You didn't know any spells.
Your spell library contained the following spells:

 Spells                   Type           Power      Damage    Failure   Level
 Tukima's Dance           Hex            0%         N/A       75%         3
 Passage of Golubria      Tloc           0%         N/A       98%         4
 Yara's Violent Unravell  Hex/Tmut       0%         3d3       100%        5


Dungeon Overview and Level Annotations

Branches:
Dungeon (4/15)
 Temple: D:4-7

Altars:

Shops:
D:1 (


Innate Abilities, Weirdness & Mutations

You have extremely sharp teeth.
Your natural rate of healing is unusually fast.
When hurt, damage is shared between your health and your magic reserves.
Your bite disrupts and absorbs the magic of your enemies.
Potions cannot restore your health.


Message History

2 orcs come into view.
A hobgoblin comes into view.
The orc shouts!
An orc priest comes into view. It is wielding a +0 war axe.
The orc shouts!
You hit the orc. You bite the orc. You drain its power.
The orc is moderately wounded.
The orc misses you.
You closely miss the orc.
The orc is moderately wounded.
The orc completely misses you.
You hit the orc.
The orc is severely wounded.
The orc barely misses you.
You barely miss the orc. You bite the orc, but do no damage.
The orc is severely wounded.
The orc barely misses you.
You hit the orc.
You kill the orc!
The orc priest invokes the aid of Beogh against you.
Pain shoots through your body!
You see here a +0 hand axe.
The orc priest mumbles some strange prayers to Beogh against you.
Beogh smites you!
The orc priest hits you with a +0 war axe.
You hit the orc priest but do no damage.
You hit the orc priest. Your bite misses the orc priest.
The orc priest is lightly wounded.
The orc hits you with a +0 mace. The orc priest barely misses you.
You hit the orc priest.
The orc priest is moderately wounded.
The orc hits you with a +0 mace.
* * * LOW HITPOINT WARNING * * *
The orc priest invokes the aid of Beogh against you.
Pain shoots through your body!
* * * LOW HITPOINT WARNING * * *
You barely miss the orc priest.
The orc priest is moderately wounded.
The orc hits you with a +0 mace.
You die...

.........g.....(.##...........###
............ ...............#.#
!........######..#...####.#...#
..............#......####.#...###
..............#.......#..........
####.......<..#.......#.....#..#.
#..........#.....#.#.....##...
#..........#..o..#.......##..#
#..........#.@#.####.....###..
#..........#.o#o# #.....# ###
#..........#..#)# #.....#
#..........#....# #.....#
#.............### #######
###############


You could see an orc priest and an orc.

Vanquished Creatures
  A scorpion (D:4)
  An orc priest (D:4)
  An iguana (D:4)
  3 adders (D:3)
  A worm (D:4)
  A dart slug (D:3)
  6 orcs
  A bat (D:2)
  8 endoplasms
  5 giant cockroaches
  5 goblins
  3 hobgoblins
  4 jackals (D:3)
  3 quokkas (D:1)
  8 ball pythons
  A frilled lizard (D:1)
  8 kobolds
  A rat (D:1)
61 creatures vanquished.

Notes
Turn   | Place    | Note
-------+----------+-------------------------------------------
     0 | D:1      | Ajdolov the Vine Stalker Monk began the quest for the Orb.
     0 | D:1      | Reached XP level 1. HP: 11/11 MP: 2/2
    62 | D:1      | Reached skill level 3 in Stealth
    88 | D:1      | Reached XP level 2. HP: 16/16 MP: 3/3
   188 | D:1      | Found a faded altar of an unknown god.
   388 | D:1      | Found Lyakar's Weapon Boutique.
   610 | D:1      | Reached XP level 3. HP: 19/19 MP: 4/4
  1385 | D:3      | Reached skill level 4 in Stealth
  1526 | D:3      | Reached skill level 1 in Polearms
  1761 | D:3      | Gained mutation: Your natural rate of healing is unusually
                  | fast. [Vine Stalker growth]
  1761 | D:3      | Reached XP level 4. HP: 23/23 MP: 5/5
  2394 | D:4      | Reached XP level 5. HP: 20/27 MP: 1/6
  2656 | D:4      | Reached skill level 5 in Stealth
  2724 | D:4      | HP: 1/27 [orc priest/nerve-wracking pain (6)]
  2725 | D:4      | Slain by an orc

Illustrated notes

Levels and vault maps discovered:
D:1:      psy_arrival_conway, layout_loops_ring,
          hellmonk_ecumenical_altar_heavens_door, serial_shops, shop,
          chequers_serial_rivers_micro_b
D:2:      layout_basic
D:3:      layout_basic, serial_park_tiny_1
D:4:      layout_basic

Skill      XL: |  1  2  3  4  5 |
---------------+----------------+-----
Stealth        | 3 4 5 |  5.0
Short Blades   | 3 |  3.0
Polearms       | 1 2 3 |  3.7
Fighting       | |  2.6
Dodging        | |  2.4

Action                     |  1- 3 |  4- 6 || total
---------------------------+-------+-------++-------
  Melee: Short sword       |   104 |   117 ||   221
         Bite              |    28 |    27 ||    55
         Punch             |     2 |     1 ||     3
  Throw: Javelin           |     1 |     1 ||     2
         Dart              |       |     8 ||     8
   Stab: Sleeping          |    10 |     4 ||    14
 Armour: Robe              |     5 |     9 ||    14
  Dodge: Dodged            |    43 |    76 ||   119

Table legend: (Time is in decaauts)
 A = Elapsed time spent in this place.
 B = Non-inter-level travel time spent in this place.
 C = Inter-level travel time spent in this place.
 D = Time resting spent in this place.
 E = Time spent auto-exploring this place.
 F = Levels seen in this place.
 G = Mean time per level.
                   A        B        C        D        E       F      G
               +--------+--------+--------+--------+--------+-----+--------+
         Total |   2697 |   2435 |    262 |     50 |   1807 |   4 |  674.2 |
       Dungeon |   2697 |   2435 |    262 |     50 |   1807 |   4 |  674.2 |
               +--------+--------+--------+--------+--------+-----+--------+

Top non-repeatable levels by time:
     D:1: 799 daAuts
     D:3: 797 daAuts
     D:2: 681 daAuts
     D:4: 418 daAuts
